 Dungeon Crawl Stone Soup version 0.18-a0-1577-gf591c28 (webtiles) character file.

62 M4edhros the Sneak (level 4, 0/42 HPs)
             Began as an Octopode Artificer on Mar 20, 2016.
             Succumbed to an adder's poison
             ... on level 2 of the Dungeon.
             The game lasted 00:01:05 (1135 turns).

M4edhros the Sneak (Octopode Artificer)             Turns: 1135, Time: 00:01:06

Health: 0/42       AC:  1    Str: 15    XL:     4   Next: 8%
Magic:  6/6        EV: 13    Int: 14    God:
Gold:   68         SH:  0    Dex: 13    Spells: 0 memorised, 3 levels left

rFire  . . .     SeeInvis .     o - +1 dagger (venom)
rCold  . . .     Gourm    .     (no shield)
rNeg   . . .     Faith    .     (helmet restricted)
rPois  .         Spirit   .     j - amulet of dismissal
rElec  .         Dismiss  +     q - ring of protection from magic
rCorr  .         Reflect  .     (no ring)
SustAt .         Harm     .     (no ring)
MR     +....                    (no ring)
Stlth  ..........               (no ring)
                                (no ring)
                                (no ring)
                                (no ring)

@: berserking, lethally poisoned (0 -> -4), very quick, somewhat resistant to
hostile enchantments, extremely unstealthy
A: almost no armour, amphibious, 8 rings, constrict 8, camouflage 1, gelatinous
body 1
a: no special abilities


You were on level 2 of the Dungeon.
You were hungry.

You visited 1 branch of the dungeon, and saw 2 of its levels.

You collected 68 gold pieces.

Inventory:

Hand Weapons
 a - a +0 short sword
 o - a +1 dagger of venom (weapon)
 s - a +0 hunting sling
Missiles
 t - 32 stones (quivered)
Jewellery
 j - an amulet of dismissal (around mantle)
 q - a ring of protection from magic (left tentacle)
Wands
 b - a wand of flame (15/48)
 c - a wand of enslavement (15/24)
 d - a wand of random effects (15/48)
Scrolls
 e - 2 scrolls of enchant armour {unknown}
 h - 2 scrolls of fog {unknown}
 i - 2 scrolls of identify {unknown}
 k - a scroll of noise {unknown}
 l - 2 scrolls of teleportation {unknown}
 m - a scroll of enchant weapon {unknown}
 n - 2 scrolls of fear {unknown}
 u - a scroll of remove curse {unknown}
 v - a scroll of immolation {unknown}
Comestibles
 f - 2 bread rations
 g - a meat ration
 p - a beef jerky


   Skills:
 - Level 1.0 Fighting
 - Level 1.0 Short Blades
 + Level 2.8 Dodging
 * Level 4.5 Stealth
 - Level 3.2 Evocations


You had 3 spell levels left.
You didn't know any spells.

Dungeon Overview and Level Annotations

Branches:
Dungeon (2/15)

Altars:


Innate Abilities, Weirdness & Mutations

You cannot wear most types of armour.
You are amphibious.
You can wear up to eight rings at the same time.
You can use your tentacles to constrict eight enemies at once.
Your skin changes colour to match your surroundings (Stealth).
Your rubbery body absorbs attacks (AC +1).


Message History

Drink which item? (? for menu, Esc to quit)
It was a potion of berserk rage.
A red film seems to cover your vision as you go berserk!
You feel yourself moving faster!
You feel mighty!
You constrict the adder.
You kill the adder!
* * * LOW HITPOINT WARNING * * *
You feel sick.
Unknown command.
You closely miss the adder. You grab the adder. Your squeeze misses the adder.
You constrict the adder. The adder bites you.
* * * LOW HITPOINT WARNING * * *
Unknown command.
You hit the adder.
The adder is poisoned.
The adder is heavily wounded.
You constrict the adder.
Unknown command.
You barely miss the adder. You squeeze the adder.
You kill the adder!
You have reached level 4!
You die...

#..###...()###.# #.......##.#.#
#..+###.#.###'.# #.......##.#.#
###..#.###.###.#.# #.......#....)
....(#..#.#.#..#†# #..........#..
.....#.#.###.#.#.###.......#..<..
...>.#..#.#.#).#.................
.....#.###.###.#.##..........#..#
...))'###.#.###+.##....#+#.###...
.....###.. ..# #@# ...#.#.####.#
.....##+#####+##.#####.#.........
.................................
)....#.#...#########...#..####.#.
.......#.#.........)...##.####.#.
.......+.....#######......#..#.##
.......#.##..# #..#####..#.#.
.......+.##..# ###..#......#.#.
..†....#####.#####...........#.#.


There were no monsters in sight!

Vanquished Creatures
  2 adders (D:2)
  2 dart slugs
  A giant gecko (D:1)
  4 bats
  2 giant cockroaches (D:1)
  6 goblins
  5 hobgoblins
  2 jackals (D:2)
  2 giant newts (D:2)
  6 kobolds
  6 rats
38 creatures vanquished.

Notes
Turn   | Place    | Note
--------------------------------------------------------------
     0 | D:1      | M4edhros the Octopode Artificer began the quest for the Orb.
     0 | D:1      | Reached XP level 1. HP: 13/13 MP: 3/3
    70 | D:1      | Reached skill level 2 in Stealth
    80 | D:1      | Reached XP level 2. HP: 18/18 MP: 4/4
   103 | D:1      | Reached skill level 3 in Stealth
   485 | D:1      | Reached XP level 3. HP: 20/23 MP: 5/5
  1058 | D:2      | Reached skill level 4 in Stealth
  1133 | D:2      | HP: 1/34 [adder (5)]
  1135 | D:2      | Reached XP level 4. HP: 1/28 MP: 6/6
  1135 | D:2      | Succumbed to an adder's poison

Vault maps used:
D:1:      nicolae_arrival_memento_mori, due_unseen_surprise
D:2:      roderic_cross_of_infinity, kennysheep_big_empty_room

Skill      XL: |  1  2  3 |
---------------+----------+-----
Stealth        | 2 3 4 |  4.5
Fighting       | |  1.0
Short Blades   | |  1.0
Dodging        | |  2.8
Evocations     | |  3.2

Action                   |  1- 3 |  4- 6 || total
-------------------------+-------+-------++-------
Melee: Short sword       |    40 |       ||    40
       Dagger            |    29 |       ||    29
  Use: Potion            |     1 |       ||     1
 Stab: Sleeping          |    12 |       ||    12
